 Dungeon Crawl Stone Soup version 0.28.0-43-g3370ac3207 (webtiles) character file.

Game seed: 12155824552332790480

455 cbfl8 the Chopper (level 6, -15/56 HPs)
             Began as a Minotaur Chaos Knight on Mar 9, 2022.
             Was a Priest of Jiyva.
             Killed by an exploding Edmund (29 damage)
             ... ignited by their inner flame
             ... on level 4 of the Dungeon.
             The game lasted 00:08:02 (3256 turns).

cbfl8 the Chopper (Minotaur Chaos Knight)           Turns: 3256, Time: 00:08:02

Health: -15/56     AC:  0    Str: 20    XL:     6   Next: 76%
Magic:  5/5        EV: 14    Int:  9    God:    Jiyva [***...]
Gold:   67         SH:  0    Dex: 12    Spells: 5/5 levels left

rFire   . . .      SeeInvis .   (weapon currently unavailable)
rCold   . . .      Faith    .   (shield currently unavailable)
rNeg    . . .      Spirit   .   (armour currently unavailable)
rPois   .          Reflect  .   (helmet currently unavailable)
rElec   .          Harm     .   (cloak currently unavailable)
rCorr   +          Rampage  .   (gloves currently unavailable)
Will    .....                   (boots currently unavailable)
Stlth   +.........              (no amulet)
HPRegen 1.30/turn               (ring currently unavailable)
MPRegen 0.44/turn               (ring currently unavailable)

@: pig-form (expiring), calling ooze, very quick
A: fast, no casting, small, (horns 2), (retaliatory headbutt), strong 2, (acidic
bite), MP-powered wands
a: Renounce Religion, Oozemancy


You were on level 4 of the Dungeon.
You worshipped Jiyva.
Jiyva was most pleased with you.
You were a filthy swine.
You visited 1 branch of the dungeon, and saw 4 of its levels.
You also visited: Sewer.

You collected 67 gold pieces.

Inventory:

Hand Weapons
 a - a +0 hand axe of chaos (melded)
 m - a +0 scythe
Missiles
 x - 18 stones (quivered)
Armour
 b - a +2 leather armour
 c - a +0 chain mail (melded)
 l - a +0 buckler (melded)
 o - a +0 scale mail
Jewellery
 y - a ring of resist corrosion (melded)
Wands
 w - a wand of digging (4)
Scrolls
 e - a scroll of immolation
 g - a scroll of amnesia {unknown}
 h - a scroll of magic mapping {unknown}
 j - a scroll of teleportation {unknown}
 k - a scroll of brand weapon {unknown}
 s - a scroll of enchant weapon {unknown}
 t - a scroll of noise {unknown}
Potions
 d - a potion of degeneration {unknown}
 f - 2 potions of attraction {unknown}
 i - a potion of curing {unknown}
 n - 3 potions of mutation {unknown}
 p - 2 potions of magic {unknown}
 q - a potion of haste {unknown}
 r - 2 potions of brilliance {unknown}
 u - a potion of cancellation {unknown}
 v - a potion of resistance {unknown}


   Skills:
 + Level 5.4 Fighting
 + Level 6.2 Axes
 + Level 5.2 Armour
 + Level 2.3 Dodging
 + Level 0.2 Stealth
 + Level 1.0 Shields


You had 5 spell levels left.
You didn't know any spells.
Your spell library contained the following spells:

 Spells                   Type           Power      Damage    Failure   Level
 Apportation              Tloc           0%         N/A       38%         1
 Magic Dart               Conj           0%         1d3       38%         1
 Searing Ray              Conj           0%         2d4       52%         2
 Fulminant Prism          Conj/Hex       0%         3d6       99%         4
 Alistair's Intoxication  Tmut/Pois      0%         N/A       100%        5


Dungeon Overview and Level Annotations

Branches:
Dungeon (4/15)              Sewer (visited)
 Temple: D:4-7

Altars:
Jiyva


Innate Abilities, Weirdness & Mutations

You are a filthy swine.
You move quickly.
Your equipment is almost entirely melded.
You are incapable of wielding weapons or throwing items.
You cannot cast spells.
((You have a pair of horns on your head.))
((You reflexively headbutt those who attack you in melee.))
Your muscles are very strong. (Str +4)
((You have acidic saliva.))
You expend magic power (3 MP) to strengthen your wands.


Message History

Edmund is lightly wounded.
Edmund hits you with a +5 vorpal flail!
You hit Edmund but do no damage.
Edmund is lightly wounded.
You closely miss Edmund.
Edmund is lightly wounded.
Edmund hits you with a +5 vorpal flail!
You hit Edmund but do no damage.
Edmund is lightly wounded.
Edmund hits you with a +5 vorpal flail!
* * * LOW HITPOINT WARNING * * *
x2 You hear a distant slurping noise.
You hit Edmund but do no damage.
Edmund is lightly wounded.
Edmund closely misses you.
Activating: Oozemancy (24% risk of failure)
Press: ? - help, Dir - look around, f - activate Look: Edmund, wielding a +5 vorpal flail, wearing a +0 chain mail and carrying a wand of polymorph (9) (lightly wounded) Slime begins to ooze from the nearby walls!
Your transformation is almost over.
You hear a distant slurping noise.
The walls burn Edmund!
Edmund closely misses you.
The walls burn Edmund!
You hear a distant slurping noise.
Really read the scroll of immolation?
As you read the scroll of immolation, it crumbles to dust.
The creatures around you are filled with an inner flame!
You hear a distant slurping noise.
The walls burn Edmund!
Flame seeps out of Edmund.
Edmund completely misses you.
Edmund is engulfed in blazing flames.
Flame seeps out of Edmund.
The walls burn Edmund!
Flame seeps out of Edmund.
The walls burn Edmund!
Flame seeps out of Edmund.
You hear a distant slurping noise.
The walls burn Edmund!
Flame seeps out of Edmund.
The walls burn Edmund!
Flame seeps out of Edmund.
Edmund misses you.
Edmund is engulfed in blazing flames.
Edmund explodes!
The fiery explosion engulfs you!!
Ouch! That really hurt!
You die...

####)## #.
#..#).+
#..'..#
#+##..######
#..##'#....#
#.°........+
#+#°######+#.#
#.§○+ #.h§#
###.# +..#
#..# #..# #...
####. +


There were no monsters in sight!

Vanquished Creatures
  Sigmund (D:2)
  Edmund (D:4)
  A kobold brigand (Sewer)
  Terence (D:2)
  8 adders
  4 river rats (Sewer)
  3 worms (D:3)
  A dart slug (D:3)
  3 orcs (D:3)
  7 ball pythons
  An endoplasm (D:1)
  7 giant cockroaches
  4 goblins
  3 hobgoblins
  24 kobolds
  A quokka (D:3)
  8 bats
  2 frilled lizards
  24 rats
104 creatures vanquished.

Vanquished Creatures (others)
  Jessica (D:3)
  An iguana (D:4)
  Robin (D:3)
  An orc (D:3)
  2 endoplasms
  7 goblins
  5 hobgoblins
  A quokka (D:2)
  3 ball pythons
  A bat (D:3)
  2 kobolds
  A rat (D:3)
26 creatures vanquished.

Grand Total: 130 creatures vanquished

Notes
Turn   | Place    | Note
-------+----------+-------------------------------------------
     0 | D:1      | cbfl8 the Minotaur Chaos Knight began the quest for the
                  | Orb.
     0 | D:1      | Reached XP level 1. HP: 19/19 MP: 0/0
   454 | D:1      | Reached skill level 4 in Axes
   454 | D:1      | Reached XP level 2. HP: 24/27 MP: 1/1
   503 | D:1      | Found a faded altar of an unknown god.
   560 | D:1      | Prayed at the altar of an unknown god.
   560 | D:1      | Fell from the grace of Xom
   560 | D:1      | Became a worshipper of Jiyva Jelexkip the Shapeless
   560 | D:1      | Reached * piety under Jiyva
  1032 | D:2      | Reached XP level 3. HP: 30/33 MP: 2/2
  1129 | D:2      | Reached ** piety under Jiyva
  1159 | D:2      | Noticed Sigmund
  1177 | D:2      | Killed Sigmund
  1178 | D:2      | Reached skill level 5 in Axes
  1178 | D:2      | Reached XP level 4. HP: 28/41 MP: 3/3
  1178 | D:2      | Reached XP level 5. HP: 32/47 MP: 4/4
  1410 | D:2      | Noticed Terence
  1424 | D:2      | XOM: confusion
  1432 | D:2      | Killed Terence
  1743 | D:3      | Found a glowing drain.
  1754 | Sewer    | Entered a sewer
  1825 | Sewer    | Reached skill level 5 in Fighting
  1909 | Sewer    | Reached XP level 6. HP: 45/56 MP: 5/5
  2064 | Sewer    | Reached skill level 6 in Axes
  2064 | Sewer    | Reached skill level 5 in Armour
  2534 | D:3      | Noticed Ijyb
  2539 | D:3      | Noticed Ijyb
  2539 | D:3      | Ijyb changed into Ijyb the adder
  2539 | D:3      | Killed Ijyb the adder
  2628 | D:3      | Killed Robin
  2807 | D:3      | Killed Jessica
  2856 | D:3      | Reached *** piety under Jiyva
  2905 | D:3      | Gained mutation: Your muscles are strong. (Str +2) [Jiyva's
                  | grace]
  2905 | D:3      | Gained mutation: Your muscles are very strong. (Str +4)
                  | [Jiyva's grace]
  2905 | D:3      | Gained mutation: You have acidic saliva. [Jiyva's grace]
  2905 | D:3      | Gained mutation: You expend magic power (3 MP) to
                  | strengthen your wands. [Jiyva's grace]
  3023 | D:3      | XOM: polymorph jelly -> bullfrog
  3172 | D:3      | Reached skill level 1 in Shields
  3202 | D:3      | You fall into a shaft and drop 1 floor!
  3230 | D:4      | Noticed Edmund
  3256 | D:4      | Killed Edmund
  3256 | D:4      | Killed by an exploding Edmund... ignited by their inner
                  | flame

Illustrated notes

Levels and vault maps discovered:
D:1:      lightli_arrival_noodles, layout_basic,
          hellmonk_ecumenical_altar_blasted
D:2:      layout_basic, uniq_sigmund, uniq_terence
D:3:      kennysheep_six_static_rooms, layout_loops_ring, portal_sewer_entry_f,
          minmay_misc_feat_diagonals, nicolae_wormholes, uniq_robin,
          uniq_jessica, uniq_ijyb
D:4:      corexii_shantytown, layout_loops_ring,
          minmay_temple_entry_enclosed_plants,
          nicolae_shop_sticking_my_neck_out, uniq_edmund, uniq_natasha,
          uniq_blork_the_orc

Skill      XL: |  1  2  3  4  5  6 |
---------------+-------------------+-----
Axes           | 4 5 6 |  6.2
Fighting       | 4 5 |  5.4
Armour         | 3 4 5 |  5.2
Dodging        | 2 |  2.3
Shields        | 1 |  1.0
Stealth        | |  0.2

Action                   |  1- 3 |  4- 6 || total
-------------------------+-------+-------++-------
Melee: Hand axe          |    66 |   162 ||   228
       Headbutt          |     5 |    22 ||    27
       Unarmed           |       |     9 ||     9
       Bite              |       |     4 ||     4
Invok: Oozemancy         |       |     1 ||     1
  Use: Scroll            |       |     1 ||     1
Armor: Leather armour    |    10 |       ||    10
       Chain mail        |    49 |   104 ||   153
Dodge: Dodged            |    32 |    68 ||   100
Block: Buckler           |     1 |    25 ||    26
